[Event "Titled Tuesday Blitz May 30 Late 2023"]
[White "Rangel, Daniel"]
[Black "Baidetskyi, Valentin"]
[WhiteFideId "2124475"]
[BlackFideId "14142317"]
[WhiteElo "2256"]
[BlackElo "2490"]
[Result "1-0"]
[Round "02"]
[TimeControl "180+2"]
[Date "2023.05.31"]
[WhiteClock "0:00:07"]
[BlackClock "0:00:04"]

1. c4 g6 2. g3 Bg7 3. Bg2 Nf6 4. Nc3 O-O 5. e4 c5 6. d3 Nc6 7. Nge2 d6 8. O-O Rb8 9. h3 a6 10. a4 Ne8 11. Be3 Nc7 12. d4 cxd4 13. Nxd4 Na5 14. b3 Bd7 15. Nd5 Nc6 16. Rb1 Nxd5 17. exd5 Nxd4 18. Bxd4 b5 19. Bxg7 Kxg7 20. Qd4+ Kg8 21. axb5 axb5 22. c5 dxc5 23. Qxc5 Bf5 24. Rbc1 Qd6 25. Qxd6 exd6 26. Rc6 Rfd8 27. g4 Bc8 28. Re1 Kf8 29. Rc7 Rd7 30. Rec1 Rd8 31. Ra7 Bd7 32. Rcc7 Ke7 33. g5 Rbc8 34. Rcb7 Rb8 35. Rc7 Rbc8 36. Rcb7 Rc3 37. Bf1 Rxb3 38. Bxb5 Rxb5 39. Rxb5 Kf8 40. Rbb7 Be8 41. Rb6 Kg7 42. Rab7 Bd7 43. Rb8 Rxb8 44. Rxb8 Bf5 45. h4 Be4 46. Rb6 f6 47. Rb7+ Kg8 48. gxf6 Bxd5 49. Rd7 Be6 50. Rxd6 Kf7 51. Rb6 Kxf6 52. Kh2 h6 53. Kg3 Kf7 54. Kf4 Kf6 55. Kg3 g5 56. f4 gxf4+ 57. Kxf4 h5 58. Rd6 Kf7 59. Kg5 Bg4 60. Rd4 Kg7 61. Rb4 Kf7 62. Rb7+ Ke6 63. Rb2 Kf7 64. Rf2+ Kg7 65. Rf6 Be2 66. Rb6 Bg4 67. Rb7+ Kf8 68. Kf6 Kg8 69. Rg7+ Kf8 70. Rg5 Be2 71. Ra5 Ke8 72. Re5+ 1-0


[Site "https://www.chess.com"]

[Event "Titled Tuesday Blitz May 30 Late 2023"]
[White "Jarovinsky, Alexey"]
[Black "i_like_explosions"]
[WhiteFideId "14115131"]
[WhiteElo "2446"]
[BlackElo "2380"]
[Result "0-1"]
[Round "02"]
[TimeControl "180+2"]
[Date "2023.05.31"]
[WhiteClock "0:00:02"]
[BlackClock "0:00:29"]

1. Nc3 Nf6 2. e4 d6 3. d4 Nbd7 4. f4 c6 5. e5 Nd5 6. Nxd5 cxd5 7. Nf3 e6 8. Bd3 Be7 9. O-O Nb6 10. Qe1 Qc7 11. Qg3 g6 12. b3 Bd7 13. Bd2 O-O-O 14. a4 Kb8 15. Ba5 f5 16. exd6 Bxd6 17. Ne5 Be8 18. Qe3 Bxe5 19. fxe5 Qe7 20. Qd2 g5 21. Bb4 Qd7 22. a5 Nc8 23. Bc5 f4 24. c4 Bg6 25. Be2 Be4 26. Ra4 h5 27. Rb4 h4 28. h3 Ka8 29. Bf3 Bxf3 30. gxf3 Ne7 31. Bxe7 Qxe7 32. c5 Qf7 33. Qd3 Qh7 34. Qxh7 Rxh7 35. Kf2 Rg7 36. Rg1 a6 37. Rg4 Rc8 38. Rb6 Rc6 39. Rb4 Kb8 40. Ra4 Kc7 41. Ra1 Kd7 42. Rag1 Rc8 43. Rxg5 Rxg5 44. Rxg5 Kc6 45. Rg7 Rc7 46. Rg6 Re7 47. Rf6 Kb5 48. Rxf4 Kxa5 49. Rxh4 Kb4 50. Ke3 Kxb3 51. Rh8 a5 52. Rb8 a4 53. c6 Kc3 54. Rxb7 Re8 55. Ra7 Kb3 56. c7 Rc8 57. h4 a3 58. h5 a2 59. Rb7+ Kc2 60. Ra7 Kb2 61. Rb7+ Kc2 62. Ra7 Kb2 63. f4 a1=Q 64. Rxa1 Kxa1 65. f5 exf5 66. Kf4 Rxc7 67. e6 Kb2 68. Kxf5 Kc3 69. Ke5 Kc4 70. h6 Rh7 71. Kf5 Rxh6 72. e7 Rh8 73. Ke5 Re8 0-1


[Site "https://www.chess.com"]

[Event "Titled Tuesday Blitz May 30 Late 2023"]
[White "Szente Varga, Fruzsina"]
[Black "Mekhitarian, Krikor Sevag"]
[WhiteFideId "712264"]
[BlackFideId "2107660"]
[WhiteElo "1994"]
[BlackElo "2604"]
[Result "0-1"]
[Round "02"]
[TimeControl "180+2"]
[Date "2023.05.31"]
[WhiteClock "0:00:29"]
[BlackClock "0:00:30"]

1. e4 e6 2. d4 d5 3. Nd2 c5 4. exd5 Qxd5 5. Ngf3 cxd4 6. Bc4 Qd7 7. O-O Nc6 8. Nb3 a6 9. Nbxd4 Nxd4 10. Nxd4 Qc7 11. Bd3 Bd6 12. h3 Ne7 13. Qh5 e5 14. Nf3 Be6 15. Re1 O-O-O 16. Nxe5 g6 17. Qe2 Nf5 18. Nc4 Bh2+ 19. Kh1 Rhe8 20. Be3 Bxc4 21. Bxc4 Rxe3 22. Qg4 Rd4 23. fxe3 Rxg4 24. hxg4 Ng3+ 25. Kxh2 Ne4+ 26. Kg1 Qxc4 27. Rad1 Qe6 28. Rd4 Qxg4 29. Rf1 f5 30. Rfd1 Kb8 31. Rb4 Qxd1+ 0-1


[Site "https://www.chess.com"]

[Event "Titled Tuesday Blitz May 30 Late 2023"]
[White "Tristan, Leonardo"]
[Black "K2JW"]
[WhiteFideId "113816"]
[WhiteElo "2461"]
[BlackElo "2363"]
[Result "1-0"]
[Round "02"]
[TimeControl "180+2"]
[Date "2023.05.31"]
[WhiteClock "0:01:42"]
[BlackClock "0:00:16"]

1. d4 d5 2. Nf3 Nf6 3. Bf4 c5 4. e3 Nc6 5. Nbd2 cxd4 6. exd4 Bf5 7. Bb5 e6 8. Ne5 Qc8 9. c4 Bd6 10. Bxc6+ bxc6 11. Qa4 Bxe5 12. Bxe5 O-O 13. Bxf6 gxf6 14. O-O e5 15. Rac1 Qe6 16. Rfe1 e4 17. cxd5 cxd5 18. Rc6 Qe7 19. Qa6 Qb4 20. Rc3 Qxd4 21. Nb3 Qe5 22. Rc6 d4 23. Rc5 Qf4 24. Qxf6 d3 25. Rxf5 1-0


[Site "https://www.chess.com"]

[Event "Titled Tuesday Blitz May 30 Late 2023"]
[White "Bashirli, Nail"]
[Black "Celestino, Rafael Teixeira"]
[WhiteFideId "13406809"]
[BlackFideId "2108925"]
[WhiteElo "2311"]
[BlackElo "2362"]
[Result "1-0"]
[Round "02"]
[TimeControl "180+2"]
[Date "2023.05.31"]
[WhiteClock "0:00:12"]
[BlackClock "0:00:02"]

1. d4 Nf6 2. Bg5 c5 3. Bxf6 gxf6 4. d5 Qb6 5. Qc1 h5 6. h4 Bh6 7. e3 e6 8. Nc3 Rg8 9. g3 Na6 10. Bg2 Nc7 11. Nge2 Qb4 12. O-O d6 13. Qd2 e5 14. a3 Qg4 15. b4 cxb4 16. Ne4 Rg6 17. Nxd6+ Kf8 18. Qxb4 Qxb4 19. axb4 Bg4 20. Rfe1 f5 21. Nxb7 Rb6 22. Nc5 Rd8 23. Rxa7 f4 24. exf4 Nxd5 25. fxe5 Rxb4 26. e6 Bd2 27. Bxd5 Rxd5 28. Nf4 Bxf4 29. e7+ Ke8 30. Ne4 Rdb5 31. Nf6# 1-0


[Site "https://www.chess.com"]

[Event "Titled Tuesday Blitz May 30 Late 2023"]
[White "Nazari, Arad"]
[Black "Lalanne, Pablo"]
[WhiteFideId "12577324"]
[BlackFideId "112151"]
[WhiteElo "2175"]
[BlackElo "2120"]
[Result "0-1"]
[Round "02"]
[TimeControl "180+2"]
[Date "2023.05.31"]
[WhiteClock "0:00:01"]
[BlackClock "0:00:15"]

1. e4 c5 2. Nf3 d6 3. Bb5+ Bd7 4. Bxd7+ Qxd7 5. O-O Nf6 6. Re1 Nc6 7. c3 e6 8. d4 cxd4 9. cxd4 d5 10. e5 Ne4 11. a3 Be7 12. Qd3 O-O 13. Nbd2 Nxd2 14. Bxd2 Rac8 15. h4 b5 16. h5 h6 17. g4 Rfe8 18. g5 hxg5 19. Nxg5 Bxg5 20. Bxg5 Ne7 21. h6 gxh6 22. Bf6 Nf5 23. Kh1 Kh7 24. Rg1 Rg8 25. Rxg8 Rxg8 26. Rc1 Rg6 27. Rc5 a6 28. Qc3 Qa7 29. b4 Rg4 30. Qf3 Rg6 31. Qf4 a5 32. Rc8 Rg8 33. Rxg8 Kxg8 34. Qc1 Qxd4 35. bxa5 Kh7 36. a6 Qe4+ 37. Kg1 Qa4 0-1


[Site "https://www.chess.com"]

[Event "Titled Tuesday Blitz May 30 Late 2023"]
[White "egorchess95"]
[Black "Gerbelli Neto, Eduardo"]
[BlackFideId "2103281"]
[WhiteElo "2680"]
[BlackElo "2178"]
[Result "0-1"]
[Round "02"]
[TimeControl "180+2"]
[Date "2023.05.31"]
[WhiteClock "0:00:15"]
[BlackClock "0:01:17"]

1. e4 e5 2. Nf3 Nc6 3. Bb5 a6 4. Ba4 d6 5. O-O Bg4 6. c3 Qf6 7. d3 Ne7 8. Nbd2 Ng6 9. h3 h5 10. Re1 Nf4 11. hxg4 hxg4 12. Nh2 Nxg2 13. Qxg4 Nxe1 14. Ndf1 Nxd3 15. Be3 Be7 16. Ng3 Nf4 17. Nf3 Qh6 18. Rd1 g5 19. Bxf4 gxf4 20. Nf5 Qh1# 0-1


[Site "https://www.chess.com"]

[Event "Titled Tuesday Blitz May 30 Late 2023"]
[White "Krzywda, Andrzej"]
[Black "Goltsev, Dmitry"]
[WhiteFideId "1114565"]
[BlackFideId "24176710"]
[WhiteElo "2155"]
[BlackElo "2356"]
[Result "0-1"]
[Round "02"]
[TimeControl "180+2"]
[Date "2023.05.31"]
[WhiteClock "0:01:33"]
[BlackClock "0:02:51"]

1. e4 e6 2. d4 d5 3. Nc3 c5 4. Bb5+ Nc6 5. exd5 exd5 6. dxc5 Nf6 7. Nf3 Bxc5 8. O-O O-O 9. Bg5 Bg4 10. h3 Bh5 11. g4 Bg6 12. Bd3 h6 13. Bh4 Qd6 14. Nb5 Qf4 15. Bg3 Qxg3+ 0-1


[Site "https://www.chess.com"]

[Event "Titled Tuesday Blitz May 30 Late 2023"]
[White "Fernandez Siles, Luis"]
[Black "Kakabayev, Mergen"]
[WhiteFideId "2209420"]
[BlackFideId "14002990"]
[WhiteElo "2195"]
[BlackElo "2188"]
[Result "1-0"]
[Round "02"]
[TimeControl "180+2"]
[Date "2023.05.31"]
[WhiteClock "0:00:24"]
[BlackClock "0:01:54"]

1. d4 d5 2. c4 c6 3. Nc3 Nf6 4. cxd5 cxd5 5. Bf4 Nc6 6. e3 Bg4 7. Qb3 Na5 8. Bb5+ Bd7 9. Qa4 Nc6 10. Qd1 e6 11. Nf3 Rc8 12. O-O Be7 13. Ne5 O-O 14. Bd3 a6 15. Bg5 b5 16. f4 h6 17. Bxf6 Bxf6 18. Qh5 Nxe5 19. dxe5 Be7 20. Ne2 Qb6 21. Rf3 f5 22. exf6 Bxf6 23. Rg3 e5 24. Qxh6 e4 25. Rxg7+ Bxg7 26. Qxb6 exd3 27. Nc3 Bf5 28. Rd1 Rfd8 29. Qb7 d4 30. Nd5 dxe3 31. Ne7+ Kh8 32. Nxf5 Bd4 33. Nxd4 e2 34. Qf3 exd1=Q+ 35. Qxd1 Rxd4 36. Qh5+ Kg7 37. Qe5+ 1-0


[Site "https://www.chess.com"]

[Event "Titled Tuesday Blitz May 30 Late 2023"]
[White "Torres Hernandez, Leslie Carolin"]
[Black "laziestwin"]
[WhiteFideId "8400504"]
[WhiteElo "1920"]
[BlackElo "2652"]
[Result "0-1"]
[Round "02"]
[TimeControl "180+2"]
[Date "2023.05.31"]
[WhiteClock "0:00:02"]
[BlackClock "0:00:32"]

1. e4 c5 2. Nf3 d6 3. Bb5+ Nd7 4. a4 a6 5. Be2 Ngf6 6. Nc3 g6 7. O-O Bg7 8. a5 b5 9. axb6 O-O 10. d3 Bb7 11. Qd2 a5 12. Qg5 Nxb6 13. Qh4 Re8 14. Bh6 Bh8 15. Ng5 a4 16. f4 e6 17. e5 Nfd5 18. Nce4 Ne3 19. g4 Bxe4 20. dxe4 Nxf1 21. Rxf1 f6 22. exf6 Bxf6 23. Qh3 Qe7 24. Bb5 Rec8 25. c3 c4 26. Qe3 Rc5 27. e5 dxe5 28. fxe5 Bxg5 29. Bxg5 Qc7 30. Qf3 Rxb5 31. Bh6 Qe7 32. Qe4 Rd5 33. Qf4 a3 34. bxa3 Nd7 35. h4 Nxe5 36. Qe4 Nf7 37. Bg5 Nxg5 38. hxg5 Rf8 39. Rxf8+ Kxf8 40. Qf4+ Qf7 41. Qxc4 Rd1+ 42. Kg2 Rd2+ 43. Kg3 Qf2+ 44. Kh3 Qh2# 0-1


[Site "https://www.chess.com"]

[Event "Titled Tuesday Blitz May 30 Late 2023"]
[White "Popilski, Gil"]
[Black "Kovacs, Klara"]
[WhiteFideId "2809060"]
[BlackFideId "733210"]
[WhiteElo "2537"]
[BlackElo "2179"]
[Result "1-0"]
[Round "02"]
[TimeControl "180+2"]
[Date "2023.05.31"]
[WhiteClock "0:00:39"]
[BlackClock "0:02:20"]

1. e4 e6 2. d4 d5 3. Nc3 Nc6 4. Nf3 Nf6 5. e5 Ne4 6. Ne2 Be7 7. Nf4 h5 8. h4 Bd7 9. c3 a5 10. Be3 a4 11. a3 Na5 12. Ng5 Nb3 13. Rb1 Nxg5 14. hxg5 g6 15. Bd3 Rg8 16. Nxg6 fxg6 17. Bxg6+ Rxg6 18. Qxh5 Kf7 19. Qh7+ Rg7 20. g6+ Kf8 21. Qh8+ Rg8 22. Bh6+ 1-0


[Site "https://www.chess.com"]

[Event "Titled Tuesday Blitz May 30 Late 2023"]
[White "Rostomyan, Mikayel"]
[Black "Kujawski, Adam"]
[WhiteFideId "13313754"]
[BlackFideId "1100920"]
[WhiteElo "2061"]
[BlackElo "2054"]
[Result "1-0"]
[Round "02"]
[TimeControl "180+2"]
[Date "2023.05.31"]
[WhiteClock "0:00:54"]
[BlackClock "0:00:05"]

1. d4 Nf6 2. Nf3 c5 3. d5 e6 4. Nc3 exd5 5. Nxd5 Nxd5 6. Qxd5 Be7 7. e4 Nc6 8. Bd2 d6 9. h4 Be6 10. Qh5 d5 11. Ng5 Bxg5 12. Bxg5 Qb6 13. O-O-O d4 14. a3 c4 15. f4 c3 16. b3 Qa5 17. a4 h6 18. f5 Qb4 19. Rd3 Bxb3 20. cxb3 Qxb3 21. Qe2 hxg5 22. e5 Qa3+ 23. Kb1 Nb4 24. Rd2 cxd2 25. Qxd2 Qb3+ 26. Qb2 Qxb2+ 27. Kxb2 Nc6 28. Bb5 Rxh4 29. Re1 a6 30. Bc4 Rf4 31. e6 fxe6 32. Bxe6 Kf8 33. Rh1 Ke7 34. Kb3 Nd8 35. Bd5 Kf6 36. g4 Rxg4 37. Kc4 Rf4 38. Kc5 Rc8+ 39. Kd6 d3 40. Rh8 d2 41. Rf8+ Nf7+ 42. Rxf7# 1-0


[Site "https://www.chess.com"]

[Event "Titled Tuesday Blitz May 30 Late 2023"]
[White "Arun, Siddharth"]
[Black "Iskusnyh, Sergei"]
[WhiteFideId "2079178"]
[BlackFideId "4120027"]
[WhiteElo "2343"]
[BlackElo "2492"]
[Result "1-0"]
[Round "02"]
[TimeControl "180+2"]
[Date "2023.05.31"]
[WhiteClock "0:01:04"]
[BlackClock "0:00:13"]

1. d4 Nf6 2. Nc3 d5 3. Bf4 g6 4. e3 Bg7 5. Nb5 Na6 6. h3 O-O 7. Nf3 c6 8. Nc3 Nc7 9. Be2 Ne6 10. Be5 c5 11. O-O c4 12. Nd2 a6 13. Bf3 b5 14. Bxf6 exf6 15. Nxd5 Ra7 16. a4 Rd7 17. Nb4 f5 18. axb5 axb5 19. c3 Qh4 20. Bc6 Rd6 21. Nf3 Qh5 22. Bxb5 f4 23. Bxc4 g5 24. Ne5 Qh4 25. Qg4 Qh6 26. Qf3 f5 27. exf4 g4 28. hxg4 fxg4 29. Nxg4 Qh4 30. f5 Kh8 31. Qg3 Qxg3 32. fxg3 Nxd4 33. f6 Bxg4 34. fxg7+ Kxg7 35. cxd4 Rxd4 36. Rxf8 Kxf8 37. Rf1+ Ke7 38. Rf4 Rd1+ 39. Kh2 Bd7 40. Nd5+ Kd6 41. Nc3 Rd2 42. Ne4+ Ke5 43. Nxd2 h5 44. Nf3+ 1-0


[Site "https://www.chess.com"]

[Event "Titled Tuesday Blitz May 30 Late 2023"]
[White "Chor, Kevin"]
[Black "rikchessmx"]
[WhiteFideId "2090740"]
[WhiteElo "2599"]
[BlackElo "2343"]
[Result "1-0"]
[Round "02"]
[TimeControl "180+2"]
[Date "2023.05.31"]
[WhiteClock "0:00:56"]
[BlackClock "0:02:04"]

1. e4 c5 2. Nf3 e6 3. d4 cxd4 4. Nxd4 a6 5. Nc3 Qc7 6. Bd3 Nf6 7. O-O h5 8. Bg5 Ng4 9. Nf3 Nc6 10. Bh4 Bd6 11. Bg3 Bxg3 12. hxg3 b5 13. Re1 Bb7 14. Qd2 O-O-O 15. Qf4 d6 16. Rad1 b4 17. Na4 e5 18. Qd2 f6 19. c3 a5 20. cxb4 axb4 21. Rc1 Kb8 22. a3 Qb6 23. Nxb6 1-0


[Site "https://www.chess.com"]

[Event "Titled Tuesday Blitz May 30 Late 2023"]
[White "Rose, Felix"]
[Black "Odegov, Artem"]
[WhiteFideId "5105722"]
[BlackFideId "34183644"]
[WhiteElo "2039"]
[BlackElo "2300"]
[Result "0-1"]
[Round "02"]
[TimeControl "180+2"]
[Date "2023.05.31"]
[WhiteClock "0:00:25"]
[BlackClock "0:00:13"]

1. c4 Nf6 2. g3 e6 3. Bg2 d5 4. Nf3 c5 5. cxd5 exd5 6. d4 Nc6 7. O-O Be7 8. Nc3 O-O 9. Bg5 c4 10. b3 Qa5 11. Qd2 Bb4 12. Bxf6 gxf6 13. Rfc1 Bf5 14. bxc4 dxc4 15. a3 Bxc3 16. Qxc3 Qxc3 17. Rxc3 Na5 18. Nd2 Rac8 19. Rac1 b5 20. e4 Bg6 21. f4 h6 22. f5 Bh7 23. Rb1 a6 24. a4 bxa4 25. Rb4 Nb3 26. Nf3 a3 27. Ra4 Rfe8 28. Rxa3 a5 29. d5 Red8 30. Ra4 Kg7 31. Bf1 Rb8 32. Raxc4 Rd6 33. Ra4 Rdb6 34. Bc4 Nc5 35. Rxa5 Nxe4 36. Rc1 Rb1 37. Ra1 Rxa1 38. Rxa1 Bxf5 39. Nd4 Bg6 40. Nc6 Rb2 41. Ra2 Rb1+ 42. Kg2 Nc3 43. Rc2 Bxc2 44. d6 Be4+ 45. Kf2 Bxc6 0-1


[Site "https://www.chess.com"]

[Event "Titled Tuesday Blitz May 30 Late 2023"]
[White "Kleiman, Jake"]
[Black "Hoffmann, Asa"]
[WhiteFideId "2020041"]
[BlackFideId "2001470"]
[WhiteElo "2585"]
[BlackElo "2117"]
[Result "1-0"]
[Round "02"]
[TimeControl "180+2"]
[Date "2023.05.31"]
[WhiteClock "0:00:11"]
[BlackClock "0:00:06"]

1. Nf3 d6 2. g3 c6 3. Bg2 e5 4. O-O Nf6 5. d3 Be7 6. e4 O-O 7. a4 Nbd7 8. a5 a6 9. Re1 h6 10. c3 Nh7 11. d4 Ng5 12. Nbd2 Re8 13. dxe5 dxe5 14. Nc4 Qc7 15. Nxg5 Bxg5 16. Bxg5 hxg5 17. Qh5 Qd8 18. Rad1 Qf6 19. Rd6 Re6 20. Red1 Nf8 21. Bh3 g6 22. Qe2 Rxd6 23. Rxd6 Be6 24. Qd2 Re8 25. b4 Qf3 26. Bg2 Qf6 27. Qe3 Qe7 28. Rxe6 Qxe6 29. Nb6 Qe7 30. Bf1 Ne6 31. Bc4 Rd8 32. Kg2 Kg7 33. Bb3 f6 34. Qe2 Nc7 35. Qc4 Rf8 36. Ba2 Ne8 37. Bb3 Nd6 38. Qc5 Nf5 39. exf5 Qxc5 40. bxc5 gxf5 41. Be6 f4 42. Bc8 Rd8 43. Bxb7 Rd3 44. Bxa6 Rxc3 45. Bb7 f3+ 46. Kh3 f5 47. g4 f4 48. Bxc6 Rc2 49. Bxf3 Rxf2 50. Bd5 Rb2 51. a6 e4 52. a7 f3 53. a8=Q f2 54. Qb7+ Kf6 55. Qf7+ Ke5 56. Nd7+ Kd4 57. c6 Rb3+ 58. Bxb3 e3 59. Qf3 1-0


[Site "https://www.chess.com"]

[Event "Titled Tuesday Blitz May 30 Late 2023"]
[White "ATM622"]
[Black "Kaganskiy, Gleb"]
[BlackFideId "4132025"]
[WhiteElo "2561"]
[BlackElo "2165"]
[Result "1-0"]
[Round "02"]
[TimeControl "180+2"]
[Date "2023.05.31"]
[WhiteClock "0:01:46"]
[BlackClock "0:00:05"]

1. d4 d5 2. c4 e6 3. Nf3 c6 4. Nbd2 f5 5. g3 Nh6 6. Bg2 Nf7 7. O-O Bd6 8. b3 Nd7 9. Bb2 g5 10. Ne1 h5 11. f4 h4 12. Nd3 hxg3 13. hxg3 gxf4 14. gxf4 Nf6 15. Qe1 Ng4 16. Qg3 Qf6 17. Ne5 Bd7 18. e4 dxe4 19. Nxg4 fxg4 20. Nxe4 Qe7 21. d5 e5 22. Nxd6+ Qxd6 23. fxe5 Qh6 24. e6 O-O-O 25. Rxf7 Rdf8 26. exd7+ Kd8 27. Qb8# 1-0


[Site "https://www.chess.com"]

[Event "Titled Tuesday Blitz May 30 Late 2023"]
[White "SergioMoralesG"]
[Black "Figorito, Nick"]
[BlackFideId "30923689"]
[WhiteElo "2536"]
[BlackElo "2335"]
[Result "1-0"]
[Round "02"]
[TimeControl "180+2"]
[Date "2023.05.31"]
[WhiteClock "0:01:28"]
[BlackClock "0:00:39"]

1. e4 e6 2. d3 d5 3. Qe2 Nc6 4. Nf3 Nf6 5. exd5 Qxd5 6. Nc3 Qd8 7. g3 Bd6 8. Bg2 O-O 9. O-O e5 10. Bg5 Bg4 11. h3 Nd4 12. Qd1 Nxf3+ 13. Bxf3 Bxh3 14. Re1 c6 15. d4 exd4 16. Qxd4 Be7 17. Qh4 Bf5 18. Rad1 Qc7 19. Bf4 Qb6 20. Rxe7 Qxb2 21. Be5 Rfe8 22. Nd5 Qa3 23. Nxf6+ gxf6 24. Qxf6 1-0


[Site "https://www.chess.com"]

[Event "Titled Tuesday Blitz May 30 Late 2023"]
[White "Ozates, Tuna"]
[Black "Campos, Maria Jose"]
[WhiteFideId "6354521"]
[BlackFideId "146803"]
[WhiteElo "2151"]
[BlackElo "2170"]
[Result "1-0"]
[Round "02"]
[TimeControl "180+2"]
[Date "2023.05.31"]
[WhiteClock "0:00:59"]
[BlackClock "0:00:11"]

1. e4 e5 2. Nf3 Nc6 3. Bb5 a6 4. Ba4 d6 5. O-O Be7 6. c3 b5 7. Bb3 Nf6 8. Re1 O-O 9. d4 Bb7 10. Nbd2 Re8 11. Ng5 Rf8 12. Nf1 Na5 13. Bc2 c5 14. d5 c4 15. Ng3 Bc8 16. h3 Nb7 17. Be3 Qc7 18. Nf5 Bxf5 19. exf5 Nc5 20. g4 Rac8 21. Qd2 Qb7 22. Rad1 Rfe8 23. Nf3 e4 24. Bxc5 Rxc5 25. Nd4 Rxd5 26. g5 Nd7 27. Bxe4 Ne5 28. f4 Nd3 29. Bxd5 Qxd5 30. Re3 Nxf4 31. Rf1 Nd3 32. Qe2 Ne5 33. f6 Bd8 34. Nf5 Bb6 35. Ne7+ Rxe7 36. fxe7 Qe6 37. Kg2 Bxe3 38. Qxe3 Qxe7 39. h4 Qb7+ 40. Kg3 Qd7 41. Qe4 Qe6 42. Qa8+ Qe8 43. Qxe8# 1-0


[Site "https://www.chess.com"]

[Event "Titled Tuesday Blitz May 30 Late 2023"]
[White "Rodriguez Santiago, Jaime"]
[Black "Tissir, Mohamed"]
[WhiteFideId "3100898"]
[BlackFideId "9000240"]
[WhiteElo "2025"]
[BlackElo "2458"]
[Result "0-1"]
[Round "02"]
[TimeControl "180+2"]
[Date "2023.05.31"]
[WhiteClock "0:01:07"]
[BlackClock "0:02:10"]

1. d4 Nf6 2. c4 g6 3. Nc3 Bg7 4. e4 d6 5. Be2 O-O 6. f4 c5 7. Nf3 Bg4 8. d5 e6 9. O-O exd5 10. exd5 Re8 11. h3 Bxf3 12. Bxf3 Nbd7 13. Rb1 a6 14. a4 h5 15. b3 Ng4 16. hxg4 Bd4+ 17. Rf2 Qh4 18. Rb2 Bxc3 19. g3 Qxg3+ 20. Rg2 Re1+ 0-1


[Site "https://www.chess.com"]

[Event "Titled Tuesday Blitz May 30 Late 2023"]
[White "Kirillov, Dmitry"]
[Black "Prieto Aranguren, Alain"]
[WhiteFideId "34180572"]
[BlackFideId "2268906"]
[WhiteElo "2161"]
[BlackElo "2209"]
[Result "1/2-1/2"]
[Round "02"]
[TimeControl "180+2"]
[Date "2023.05.31"]
[WhiteClock "0:00:14"]
[BlackClock "0:00:13"]

1. d4 Nf6 2. c4 g6 3. Nc3 Bg7 4. e4 d6 5. Be2 O-O 6. Bg5 c5 7. d5 e6 8. Nf3 exd5 9. exd5 Qb6 10. Qd2 Bf5 11. O-O Ne4 12. Nxe4 Bxe4 13. b3 Bxa1 14. Rxa1 Nd7 15. Bh6 Rfe8 16. Ng5 Re5 17. Re1 Rae8 18. f4 R5e7 19. Qb2 f6 20. Ne6 Bf5 21. Bf3 Qb4 22. Re2 b5 23. g4 Bd3 24. Re3 bxc4 25. g5 c3 26. Qc1 Qd4 27. Nxd4 cxd4 28. Rxe7 Rxe7 29. gxf6 Nxf6 30. Bg5 Kg7 31. Kf2 Ne4+ 32. Bxe4 Rxe4 33. Qd1 Bb5 34. f5 gxf5 35. Qh5 Re2+ 36. Qxe2 Bxe2 37. Kxe2 Kg6 38. Be7 f4 39. Bxd6 f3+ 40. Kxf3 d3 41. Bf4 Kf5 42. Bh6 Ke5 43. Ke3 d2 44. Ke2 Kxd5 45. Bxd2 cxd2 46. Kxd2 Kc5 47. Kc3 a5 48. a3 h5 49. b4+ axb4+ 50. axb4+ Kd5 51. h4 Kc6 52. Kc4 Kb6 53. Kd4 Kb5 54. Ke5 Kxb4 55. Kf5 Kc5 56. Kg5 Kd6 57. Kxh5 Ke7 58. Kg6 Kf8 59. Kh7 Kf7 60. h5 Kf8 61. Kg6 Kg8 62. h6 Kh8 63. Kf6 Kh7 64. Kg5 Kh8 65. Kh5 Kg8 66. Kg6 Kh8 67. h7 1/2-1/2


[Site "https://www.chess.com"]

[Event "Titled Tuesday Blitz May 30 Late 2023"]
[White "Oglaza, Oskar"]
[Black "Uzcategui Rodriguez, Alejandro"]
[WhiteFideId "1194402"]
[BlackFideId "3903400"]
[WhiteElo "2204"]
[BlackElo "2252"]
[Result "1-0"]
[Round "02"]
[TimeControl "180+2"]
[Date "2023.05.31"]
[WhiteClock "0:01:05"]
[BlackClock "0:01:17"]

1. e4 e6 2. d4 d5 3. Nc3 Nf6 4. e5 Nfd7 5. f4 c5 6. Nf3 Nc6 7. Be3 a6 8. Qd2 b5 9. Nd1 cxd4 10. Nxd4 Nxd4 11. Bxd4 Bc5 12. Bxc5 Nxc5 13. Nf2 Qb6 14. Qd4 Nd7 15. Qxb6 Nxb6 16. g4 Nc4 17. Bxc4 dxc4 18. Ne4 Bd7 19. Nd6+ Ke7 20. Rd1 Bc6 21. Rf1 Rhd8 22. f5 f6 23. g5 Bd5 24. fxe6 Kxe6 25. Nf5 Kxe5 26. Nxg7 fxg5 27. Rf5+ Ke4 28. Kf2 Be6 29. Re1+ Kd4 30. Nxe6# 1-0


[Site "https://www.chess.com"]

[Event "Titled Tuesday Blitz May 30 Late 2023"]
[White "Rengifo Blancas, Renzo Jhonathan"]
[Black "drdaro"]
[WhiteFideId "3807185"]
[WhiteElo "2085"]
[BlackElo "2324"]
[Result "1-0"]
[Round "02"]
[TimeControl "180+2"]
[Date "2023.05.31"]
[WhiteClock "0:00:53"]
[BlackClock "0:00:55"]

1. e4 g6 2. e5 Bg7 3. f4 d6 4. Nf3 c5 5. c3 dxe5 6. fxe5 Nc6 7. Qa4 Bd7 8. Qe4 Bf5 9. Qa4 Bd7 10. Qe4 Bf5 11. Qe3 Bg4 12. Bb5 Qc7 13. Qxc5 Bxf3 14. gxf3 Qxe5+ 15. Qxe5 Bxe5 16. d4 Bg7 17. d5 a6 18. dxc6 axb5 19. cxb7 Rb8 20. a4 Rxb7 21. axb5 Rxb5 22. Ra8+ Kd7 23. O-O Nf6 24. Rd1+ Kc6 25. Rxh8 Bxh8 26. Na3 Rb8 27. Nc4 Nd7 28. Na5+ Kc7 29. Bf4+ e5 30. Be3 Rxb2 31. Nc4 Rc2 32. Na3 Ra2 33. Nb5+ Kc6 34. c4 Nf6 35. Rd6+ Kb7 36. Rb6+ Kc8 37. Nd6+ Kd7 38. Nxf7 Bg7 39. Rb7+ Kc8 40. Nd6+ Kd8 41. Bb6# 1-0


[Site "https://www.chess.com"]

[Event "Titled Tuesday Blitz May 30 Late 2023"]
[White "Prem, Pranav"]
[Black "Stachanczyk, Jacek"]
[WhiteFideId "30901057"]
[BlackFideId "1116657"]
[WhiteElo "1970"]
[BlackElo "2084"]
[Result "1-0"]
[Round "02"]
[TimeControl "180+2"]
[Date "2023.05.31"]
[WhiteClock "0:01:32"]
[BlackClock "0:00:44"]

1. d4 Nf6 2. c4 g6 3. Nc3 d5 4. cxd5 Nxd5 5. e4 Nxc3 6. bxc3 Bg7 7. Bc4 c5 8. Ne2 Nc6 9. Be3 O-O 10. O-O b6 11. Qd2 Bb7 12. h4 Rc8 13. Rac1 e6 14. h5 cxd4 15. cxd4 Qh4 16. f3 Qxh5 17. Nf4 Qa5 18. Qf2 Nxd4 19. Bxd4 Bxd4 20. Qxd4 e5 21. Qd7 Qc5+ 22. Kh1 exf4 23. Qxb7 Qh5+ 24. Kg1 Qc5+ 25. Rf2 Qe3 26. Bxf7+ Rxf7 27. Qxc8+ Kg7 28. Qc3+ 1-0


[Site "https://www.chess.com"]

[Event "Titled Tuesday Blitz May 30 Late 2023"]
[White "Bringas Gomez, Artai"]
[Black "Djabri,Massinas"]
[WhiteFideId "24534064"]
[BlackFideId "7905726"]
[WhiteElo "2179"]
[BlackElo "2194"]
[Result "1-0"]
[Round "02"]
[TimeControl "180+2"]
[Date "2023.05.31"]
[WhiteClock "0:00:07"]
[BlackClock "0:00:05"]

1. e4 c5 2. Nf3 d6 3. d3 g6 4. Be2 Bg7 5. O-O Nf6 6. Re1 O-O 7. c3 Nc6 8. Bf1 a6 9. h3 e5 10. a4 Rb8 11. Na3 h6 12. Nc2 d5 13. exd5 Nxd5 14. Ne3 Nf4 15. Nc4 f6 16. Bxf4 exf4 17. d4 cxd4 18. cxd4 Nb4 19. Qb3 Nd5 20. Bd3 Kh7 21. a5 Bd7 22. Nh4 f5 23. Nf3 Bc6 24. Nfe5 Ne7 25. Rad1 Bd5 26. Qa3 Nc6 27. Nxc6 bxc6 28. Ne5 Rf6 29. Bxa6 Bf8 30. Qd3 Qxa5 31. Bc4 Qb4 32. Bxd5 cxd5 33. Nd7 Rf7 34. Nxb8 Qxb8 35. h4 Qxb2 36. h5 Qb4 37. hxg6+ Kxg6 38. Re6+ Kg7 39. Qa6 Kh7 40. Rde1 Bg7 41. Qc6 Qxd4 42. Qe8 Rf8 43. Qh5 Qd2 44. Re7 f3 45. Qxf3 Qg5 46. Qxd5 Rb8 47. Qd7 Rb2 48. Qd3 Re2 49. R7xe2 Qg6 50. Qf3 Qg5 51. Re6 Qf6 52. Rxf6 Bxf6 53. Qxf5+ Kg7 54. Re6 Kf7 55. Qxf6+ 1-0


[Site "https://www.chess.com"]